 Dungeon Crawl Stone Soup version 0.26-a0-438-g4b1dca4f87 (webtiles) character file.

Game seed: 6988664355719338685

223268 Ge0ff the Bludgeoner (level 20, -1/160 HPs)
             Began as a Human Berserker on July 26, 2020.
             Was a High Priest of Trog.
             Killed from afar by a frost giant (16 damage)
             ... with a bolt of cold
             ... on level 4 of the Shoals.
             The game lasted 01:47:43 (49066 turns).

Ge0ff the Bludgeoner (Human Berserker)             Turns: 49066, Time: 01:47:44

Health: -1/160     AC: 42    Str: 39    XL:     20   Next: 3%
Magic:  20/20      EV: 13    Int:  8    God:    Trog [*****.]
Gold:   1300       SH:  0    Dex: 15    Spells: 19/19 levels left

rFire    + . .     SeeInvis +   a - +2 dire flail (protect)
rCold    . . .     Faith    .   (shield currently unavailable)
rNeg     + + .     Spirit   .   v - +12 crystal plate armour of the Amoeba {+Blink rElec Str+3 Int-4}
rPois    +         Reflect  .   Q - +1 helmet "Sefetzuso" {rPois SInv}
rElec    +         Harm     .   p - +1 cloak {Stlth+}
rCorr    .                      r - +0 pair of gloves
MR       +++..                  G - +0 pair of boots of Wuhiw {Slay+3}
Stlth    ..........             Y - amulet "Afipiny" {Acrobat +Fly rN++ Str+8}
HPRegen  1.36/turn              R - ring of the Gastropod {+Inv rPois}
MPRegen  0.17/turn              d - ring of Emymiqokhlo {rF+ Str+5 Int+3 SInv, =R}

@: regenerating, very slow
A: repulsion field 1, blurry vision 1, poison resistance
}: 1/15 runes: serpentine
a: Berserk, Trog's Hand, Brothers in Arms, Renounce Religion, Evoke Blink, Evoke
Invisibility, Evoke Flight


You were on level 4 of the Shoals.
You worshipped Trog.
Trog was extremely pleased with you.
You visited 5 branches of the dungeon, and saw 31 of its levels.
You also visited: Bailey and Volcano.

You collected 3962 gold pieces.
You spent 2662 gold pieces at shops.

Inventory:

Hand Weapons
 a - a +2 dire flail of protection (weapon)
 b - a +4 vorpal great sword
 h - a +0 dire flail of holy wrath
 w - a +3 dagger of chaos
 U - the +9 whip of the Pits of Slime {flame, *Corrode +Fly MR+}
   (You took it off a merfolk on level 3 of the Shoals)

   It has been specially enchanted to burn those struck by it, causing extra
   injury to most foes and up to half again as much damage against particularly
   susceptible opponents.
   It affects your resistance to hostile enchantments.
   It lets you fly.
   It may corrode you when you take damage.
 V - a +4 antimagic great sword
Missiles
 g - 6 throwing nets {=f}
 K - 906 stones (quivered)
Armour
 p - a +1 cloak of stealth (worn)
 r - a +0 pair of gloves (worn)
 v - the +12 crystal plate armour of the Amoeba (worn) {+Blink rElec Str+3 Int-4}
   (You acquired it on level 6 of the Lair of Beasts)

   It affects your strength (+3).
   It affects your intelligence (-4).
   It insulates you from electricity.
   It lets you blink.
 G - the +0 pair of boots of Wuhiw (worn) {Slay+3}
   (You acquired it on level 6 of the Dungeon)

   It affects your accuracy and damage with ranged weapons and melee attacks
   (+3).
 Q - the +1 helmet "Sefetzuso" (worn) {rPois SInv}
   (You bought it in a shop on level 6 of the Dungeon)

   It protects you from poison.
   It lets you see invisible.
Jewellery
 d - the ring of Emymiqokhlo (right hand) {rF+ Str+5 Int+3 SInv, =R}
   (You acquired it on level 4 of the Snake Pit)

   [ring of see invisible]

   It affects your strength (+5).
   It affects your intelligence (+3).
   It protects you from fire.
   It lets you see invisible.
 z - an uncursed ring of protection from cold
 R - the ring of the Gastropod (left hand) {+Inv rPois}
   (You found it on level 7 of the Dungeon)

   [ring of poison resistance]

   It protects you from poison.
   It lets you turn invisible.
 Y - the amulet "Afipiny" (around neck) {Acrobat +Fly rN++ Str+8}
   (You acquired it on level 14 of the Dungeon)

   [amulet of the acrobat]

   It helps you evade while moving and waiting.
   It affects your strength (+8).
   It greatly protects you from negative energy.
   It lets you fly.
 Z - a +4 ring of evasion
Wands
 c - a wand of clouds (2)
 e - a wand of enslavement (5)
 f - a wand of flame (47)
 j - a wand of acid (22)
 s - a wand of disintegration (13)
 x - a wand of random effects (74)
 P - a wand of polymorph (18)
Scrolls
 i - 11 scrolls of identify
 m - 6 scrolls of magic mapping
 y - a scroll of immolation
 B - 5 scrolls of blinking
 C - 21 scrolls of remove curse
 E - 2 scrolls of fear
 F - 5 scrolls of fog
 T - 14 scrolls of teleportation
Potions
 o - 5 potions of ambrosia
 q - 18 potions of curing
 H - 2 potions of haste {!q}
 I - a potion of invisibility
 J - 3 potions of resistance
 L - 6 potions of lignification
 M - 10 potions of might
 N - a potion of cancellation {!q}
 S - 3 potions of stabbing
 W - 7 potions of heal wounds {!q}
 X - a potion of flight
Miscellaneous
 l - a lightning rod (3/4)
 n - a phial of floods
 t - a tin of tremorstones (1/3)
 O - a box of beasts


   Skills:
 * Level 14.5 Fighting
 + Level 18.1 Long Blades
 * Level 18.1 Maces & Flails
 + Level 13.2 Armour
 - Level 7.0 Dodging
 - Level 2.0 Stealth
 - Level 12.0 Evocations


You had 19 spell levels left.
You didn't know any spells.
Your spell library was empty.

Dungeon Overview and Level Annotations

Branches:
Dungeon (15/15)            Temple (0/1) D:6            Lair (6/6) D:11
 Shoals (4/4) Lair:2        Snake (4/4) Lair:3        Slime (0/5) Lair:6
    Orc (2/2) D:10            Elf (0/3) Orc:2        Vaults (0/5) D:14
 Depths (0/5) D:15         Bailey (visited)         Volcano (visited)

Altars:
Dithmenos
Fedhas
Hepliaklqana
Kikubaaqudgha
Nemelex Xobeh
Qazlal
Ru
Sif Muna
Trog
Uskayaw
Vehumet
Wu Jian
Xom
Zin
Jiyva

Shops:
D:6 *?*   D:9 ([!   D:12 [   D:13 *   D:15 =   Orc:1 (   Orc:2 [*(}
Snake:1 }=}   Snake:4 [}=[}

Portals:
Trove: D:13 (give 14 scrolls of teleportation)

Annotations:
D:13 3 runed translucent doors, exclusion: 3 doors, Xotuakut's ghost, journeyman GrEE
Lair:1 stash
Lair:6 1 runed translucent door


Innate Abilities, Weirdness & Mutations

You are surrounded by a mild repulsion field. (EV +2)
Scrolls take you a little longer to read.
Your system is resistant to poisons. (rPois)


Message History

Your tin of tremorstones (2/3) has regained one charge.
You have finished your manual of Long Blades and toss it away.
The burst of rock shards engulfs the merfolk javelineer!!
You kill the merfolk javelineer!
Trog accepts your kill.
Your lightning rod (3/4) has regained one charge.
The burst of rock shards engulfs the merfolk javelineer!
The burst of rock shards engulfs the frost giant but does no damage.
The burst of rock shards engulfs the frost giant!
The burst of rock shards engulfs the merfolk javelineer!
The burst of rock shards engulfs the frost giant!
The frost giant points at you and mumbles some strange words.
The bolt of cold hits you!!
* * * LOW HITPOINT WARNING * * *
Really read with blurry vision while enemies are nearby?
You are engulfed in freezing vapours.
* * * LOW HITPOINT WARNING * * *
The frost giant gestures at you while chanting.
The bolt of cold hits you!
You die...

≈≈≈...###.# # ≈≈≈≈..##.
.≈. ≈≈≈≈≈≈≈ ≈≈≈≈..≈##.
.#. ≈≈≈≈≈≈≈ ≈≈≈≈...# ≈.
.≈ ≈≈≈≈≈≈≈
≈≈≈≈...#≈.#.#)# ≈≈≈≈≈≈≈
#≈≈≈..## .≈.)m ≈≈≈≈≈≈≈
##≈...### #))##≈≈≈≈≈≈≈
##≈.....#######C≈≈≈≈≈≈≈≈
#≈≈.....#.#≈≈#).@≈≈≈≈≈≈≈
##≈...........).≈○≈≈≈≈≈≈
#≈...........).≈≈○≈≈≈≈≈
##≈............≈≈≈≈○≈≈≈≈
≈≈≈.......(....≈≈)≈≈○≈≈≈
≈≈≈≈..........≈≈≈†≈≈≈≈≈≈
≈≈≈≈.......(.≈≈≈≈≈≈≈≈≈≈≈
≈≈≈≈≈.≈(≈≈≈(≈≈(≈≈≈)≈≈≈≈≈
≈≈≈≈≈.≈≈≈≈≈≈†≈≈≈≈)≈≈≈≈≈≈


You could see a frost giant and a merfolk javelineer.

Vanquished Creatures
  Bai Suzhen (Snake:2)
  Vashnia (Snake:3)
  Kirke (Snake:3)
  Roxanne (D:14)
  7 nagarajas
  Louise (D:14)
  Aizul (Snake:1)
  The ghost of hemabe71 the Covert, a journeyman HuAr of Trog (Lair:6)
  A red draconian (Volcano)
  6 merfolk javelineers
  12 merfolk impalers
  Josephine (D:13)
  A fire dragon (shapeshifter) (D:15)
  22 naga warriors
  A rakshasa (D:15)
  Harold (D:7)
  5 hydras
  5 anacondas
  3 catoblepae
  A satyr (Shoals:3)
  3 centaur warriors
  4 merfolk aquamancers (Shoals:4)
  7 two-headed ogres
  2 dancing weapons (D:14)
  A tengu warrior (D:15)
  4 merfolk avatars
  A deep troll shaman (Lair:6)
  An ogre mage (Volcano)
  Sonja (Lair:2)
  Urug (Lair:2)
  6 death yaks
  A shock serpent (shapeshifter) (D:15)
  7 shock serpents
  16 naga sharpshooters
  2 orc high priests (Orc:1)
  5 skeletal warriors (D:14)
  7 sea snakes
  2 wizards
  7 naga ritualists
  13 mana vipers
  4 orc knights
  16 harpies
  4 orc sorcerers
  4 fauns (Shoals:3)
  7 cyclopes
  10 merfolk sirens
  7 salamanders
  19 ugly things
  16 manticores
  27 black mambas
  4 guardian serpents
  9 elephants
  19 naga magi
  5 centaur zombies
  Maurice (D:9)
  2 molten gargoyles (Volcano)
  The ghost of iamserjio the Frost Mage, a novice DEIE of Sif Muna (D:7)
  Psyche (D:12)
  An ice statue (D:9)
  4 water nymphs
  2 gargoyles
  6 cane toads
  2 centaur skeletons (D:14)
  2 rime drakes (Lair:4)
  An efreet (D:15)
  6 komodo dragons
  A komodo dragon (shapeshifter) (D:13)
  3 wind drakes
  44 merfolk
  A polar bear (Lair:6)
  9 trolls
  A hornet (D:9)
  A harpy skeleton (D:15)
  17 hippogriffs
  A blink frog (shapeshifter) (D:15)
  17 slime creatures
  A meliai zombie (D:15)
  8 snapping turtles
  9 blink frogs
  11 dream sheep
  2 shadows
  A vampire (D:15)
  15 yaks
  16 water elementals
  5 wraiths
  9 fire bats
  2 wyverns
  2 hogs (Snake:3)
  2 neqoxecs (D:15)
  4 basilisks
  Menkaure (D:6)
  2 vampire mosquitoes (D:14)
  8 wargs
  2 soldier ants
  41 nagas
  5 porcupines
  11 water moccasins
  A sky beast (D:5)
  A black bear (shapeshifter) (D:15)
  41 orc warriors
  A hornet zombie (D:7)
  4 ice beasts
  2 phantoms
  14 ogres
  An eye of draining (D:10)
  3 boggarts (D:15)
  5 wolves (Lair:6)
  2 necrophages
  15 centaurs
  13 crocodiles
  A big kobold (D:13)
  12 bullfrogs
  A gnoll sergeant (D:5)
  4 scorpions
  17 killer bees
  11 wights
  6 howler monkeys
  8 electric eels
  6 lava snakes (Volcano)
  2 quasits (D:15)
  5 hounds
  6 jellies
  A bullfrog skeleton (D:12)
  23 orc priests
  3 iguanas
  13 orc wizards
  14 worker ants
  A killer bee zombie (D:7)
  8 ogre zombies (D:10)
  2 hound skeletons
  A worker ant zombie (D:11)
  7 adders
  6 gnolls
  3 shadow imps
  An ufetubus (D:5)
  3 oozes
  An adder skeleton (D:4)
  2 adder zombies
  3 worms
  2 dart slugs
  9 leopard geckos
  84 orcs
  2 giant cockroaches (D:4)
  4 goblins
  10 hobgoblins
  11 jackals
  25 kobolds
  7 quokkas
  3 ball pythons (D:2)
  9 bats
  4 frilled lizards
  2 goblin skeletons (D:10)
  5 goblin zombies (D:10)
  A hobgoblin zombie (D:10)
  A jackal skeleton (D:6)
  3 orc skeletons (D:10)
  14 orc zombies (D:10)
  A quokka skeleton (D:6)
  8 rats
  A butterfly (Lair:1)
  A fungus (Lair:6)
  3 plants (Lair:6)
1080 creatures vanquished.

Vanquished Creatures (collateral kills)
  The ghost of Deruyraw the Geomancer, a journeyman GrEE of Vehumet (D:15)
  A naga warrior (Snake:3)
  An anaconda (Snake:4)
  2 merfolk aquamancers (Shoals:4)
  An alligator snapping turtle (Shoals:4)
  4 naga sharpshooters
  An orc high priest (Orc:2)
  3 naga ritualists
  A mana viper (Snake:4)
  2 salamanders (Snake:4)
  3 black mambas (Snake:4)
  A guardian serpent (Snake:4)
  2 merfolk (Shoals:4)
  A troll (Orc:2)
  2 neqoxecs (D:15)
  6 nagas
  2 orc warriors (Orc:2)
  An orc priest (Orc:2)
35 creatures vanquished.

Vanquished Creatures (others)
  An anaconda (Snake:3)
  A two-headed ogre (D:13)
  A centaur skeleton (D:13)
  A merfolk (Shoals:4)
  A dream sheep (Shoals:3)
  A yak (D:13)
  A human (Snake:3)
  A quasit (D:15)
  A bullfrog zombie (D:9)
  An iguana (D:9)
  A leopard gecko (D:9)
  2 orcs
  5 fungi
  16 plants
  4 tentacles (Shoals:4)
38 creatures vanquished.

Grand Total: 1153 creatures vanquished

Notes
Turn   | Place    | Note
-------+----------+-------------------------------------------
     0 | D:1      | Ge0ff the Human Berserker began the quest for the Orb.
     0 | D:1      | Reached XP level 1. HP: 18/18 MP: 1/1
    21 | D:1      | Reached XP level 2. HP: 24/24 MP: 2/2
   126 | D:1      | Reached skill level 1 in Stealth
   475 | D:1      | Reached XP level 3. HP: 29/29 MP: 3/3
   674 | D:1      | Reached ** piety under Trog
  1328 | D:2      | Reached XP level 4. HP: 30/35 MP: 4/4
  1915 | D:2      | Found a bloodstained altar of Trog.
  1916 | D:2      | Found a radiant altar of Vehumet.
  1917 | D:2      | Found a glowing silver altar of Zin.
  1917 | D:2      | Found a sparkling altar of Nemelex Xobeh.
  1919 | D:2      | Found a shimmering blue altar of Sif Muna.
  1920 | D:2      | Found an ornate altar of the Wu Jian Council.
  2282 | D:3      | Reached XP level 5. HP: 36/41 MP: 5/5
  2351 | D:3      | Reached skill level 5 in Long Blades
  2965 | D:4      | Reached *** piety under Trog
  3683 | D:5      | Entered Level 5 of the Dungeon
  3693 | D:5      | Noticed a sky beast
  3704 | D:5      | Killed a sky beast
  3704 | D:5      | Reached XP level 6. HP: 47/47 MP: 6/6
  3957 | D:5      | Reached XP level 7. HP: 52/52 MP: 7/7
  5188 | D:5      | Reached skill level 1 in Maces & Flails
  5188 | D:5      | Reached XP level 8. HP: 38/58 MP: 8/8
  5515 | D:6      | Found a staircase to the Ecumenical Temple.
  5528 | D:6      | Found Jazxuiz's General Store.
  5587 | D:6      | Found a sacrificial altar of Ru.
  5714 | D:6      | Found Zeolac's Magic Scroll Shoppe.
  5770 | D:6      | Noticed Menkaure
  5878 | D:6      | Reached **** piety under Trog
  6007 | D:6      | Found Fyileup's General Store.
  6018 | D:6      | Killed Menkaure
  6018 | D:6      | Reached skill level 5 in Maces & Flails
  6082 | D:6      | Reached XP level 9. HP: 66/67 MP: 9/9
  6125 | D:6      | Reached skill level 5 in Fighting
  6281 | D:6      | Bought a scroll of random uselessness for 11 gold pieces
  7438 | D:7      | Got a sparkling ivory ring
  7484 | D:7      | Identified the ring of the Gastropod {+Inv rPois} (You
                  | found it on level 7 of the Dungeon)
  7808 | D:7      | Reached skill level 1 in Evocations
  7818 | D:7      | Noticed Harold
  7858 | D:7      | Killed Harold
  7858 | D:7      | Reached XP level 10. HP: 20/75 MP: 10/10
  8412 | D:7      | Identified the cursed +1 great mace of the Wheel {flame,
                  | *Contam Str+3 Dex+7}
  8414 | D:7      | Noticed iamserjio's ghost (novice DEIE)
  8415 | D:7      | Found a transporter.
  8415 | D:7      | Found a transporter.
  8483 | D:7      | Killed iamserjio's ghost
  8738 | D:7      | Found a hazy altar of Hepliaklqana.
  9513 | D:6      | Bought the +1 helmet "Sefetzuso" {rPois SInv} for 348 gold
                  | pieces
 10522 | D:8      | Found an ancient bone altar of Kikubaaqudgha.
 10582 | D:9      | Noticed Maurice
 10678 | D:9      | Killed Maurice
 10678 | D:9      | Reached skill level 5 in Armour
 11021 | D:9      | Found a hide-covered altar of Uskayaw.
 11023 | D:9      | Got a fine quarterstaff
 11064 | D:9      | Paralysed by a hornet for 1 turns
 11304 | D:9      | Found Cowaewk's Weapon Boutique.
 11346 | D:9      | Found a stormy altar of Qazlal.
 11352 | D:9      | Found a blossoming altar of Fedhas.
 11357 | D:9      | Found Nackires's Antique Armour Shop.
 11511 | D:9      | Found Syesod Suxko's Distillery.
 11580 | D:9      | Found a shadowy altar of Dithmenos.
 11610 | D:9      | Reached XP level 11. HP: 79/82 MP: 11/11
 11886 | D:10     | Entered Level 10 of the Dungeon
 12096 | D:10     | Found a sparkling altar of Nemelex Xobeh.
 12199 | D:10     | Reached ***** piety under Trog
 12270 | D:10     | Found a staircase to the Orcish Mines.
 12443 | D:10     | Reached skill level 5 in Dodging
 13204 | D:10     | Found a sacrificial altar of Ru.
 13403 | D:11     | Noticed a two-headed ogre
 13425 | D:11     | Killed a two-headed ogre
 13760 | D:11     | Got a slimy spear
 13776 | D:11     | Identified the +2 spear of a bailey {holy, +Blink rPois
                  | MR-} (You found it on level 11 of the Dungeon)
 13813 | D:11     | Got a smoking robe
 14023 | D:11     | Noticed a brown ugly thing
 14041 | D:11     | Killed a brown ugly thing
 14196 | D:11     | Found a staircase to the Lair.
 15369 | D:12     | Noticed Psyche
 15379 | D:12     | Killed Psyche
 15379 | D:12     | Reached skill level 5 in Evocations
 15379 | D:12     | Reached XP level 12. HP: 76/91 MP: 12/12
 15476 | D:12     | Reached skill level 10 in Long Blades
 15556 | D:12     | Found Ametofon's Armour Boutique.
 15597 | D:12     | Reached skill level 10 in Maces & Flails
 15996 | D:13     | Found a runed translucent gate.
 15996 | D:13     | Found a runed translucent gate.
 15996 | D:13     | Found a runed translucent gate.
 15996 | D:13     | Noticed Xotuakut's ghost (journeyman GrEE)
 16227 | D:13     | Noticed a two-headed ogre
 16230 | D:13     | Noticed a centaur warrior
 16253 | D:12     | Killed a centaur warrior
 16569 | D:12     | Killed a two-headed ogre
 16688 | Lair:1   | Entered Level 1 of the Lair of Beasts
 17698 | Orc:1    | Entered Level 1 of the Orcish Mines
 17698 | Orc:1    | Noticed an orc high priest
 17704 | Orc:1    | Killed an orc high priest
 17714 | D:10     | Received a gift from Trog
 18700 | Lair:2   | Noticed a five-headed hydra
 18707 | Lair:2   | Killed a five-headed hydra
 18974 | Lair:2   | Found a staircase to the Shoals.
 18977 | Lair:2   | Noticed Urug
 19155 | D:6      | Bought a scroll of acquirement for 572 gold pieces
 19157 | D:6      | Acquired the +0 pair of boots of Wuhiw {Slay+3}
 19360 | Lair:2   | Noticed Sonja
 19490 | Lair:2   | Killed Sonja
 19598 | Lair:2   | Reached XP level 13. HP: 84/98 MP: 13/13
 19889 | Lair:2   | Noticed a seven-headed hydra
 19895 | Lair:2   | Killed a seven-headed hydra
 19988 | Lair:2   | Noticed a four-headed hydra
 19995 | Lair:2   | Killed a four-headed hydra
 20301 | Lair:2   | Noticed a catoblepas
 20321 | Lair:2   | Killed a catoblepas
 20564 | Lair:2   | Killed Urug
 21931 | Lair:3   | Found a staircase to the Snake Pit.
 23671 | Lair:5   | Found a dark tunnel.
 23714 | Volcano  | Entered a volcano
 24253 | Volcano  | Found a burning altar of Makhleb.
 24284 | Volcano  | Reached XP level 14. HP: 80/107 MP: 14/14
 24401 | Volcano  | Noticed a red draconian
 24411 | Volcano  | Killed a red draconian
 24795 | Lair:5   | Received a gift from Trog
 25714 | Lair:6   | Entered Level 6 of the Lair of Beasts
 26120 | Lair:6   | Found a runed translucent gate.
 26120 | Lair:6   | Found a runed translucent gate.
 26121 | Lair:6   | Found a runed translucent gate.
 26124 | Lair:6   | Noticed hemabe71's ghost (journeyman HuAr)
 26148 | Lair:6   | Killed hemabe71's ghost
 26295 | Lair:6   | Found a runed translucent door.
 26309 | Lair:6   | Found a viscous altar of Jiyva.
 26309 | Lair:6   | Noticed an acid blob
 26330 | Lair:6   | Found a staircase to the Slime Pits.
 26330 | Lair:6   | Noticed an acid blob
 26753 | Lair:6   | Found an ornate altar of the Wu Jian Council.
 27651 | Lair:6   | Reached skill level 10 in Fighting
 27666 | Lair:6   | HP: 1/109 [death yak (14)]
 28637 | Lair:6   | Identified Zogit's Disquisition on Vitriolic Transmigration
 28640 | Lair:6   | Acquired the +12 crystal plate armour of the Amoeba {+Blink
                  | rElec Str+3 Int-4}
 28948 | D:9      | Got an iridescent mace
 29362 | Orc:2    | Entered Level 2 of the Orcish Mines
 29509 | Orc:2    | Reached XP level 15. HP: 114/115 MP: 15/15
 29633 | Orc:1    | Found Hephiese's Antique Weapon Shop.
 30033 | Orc:2    | Received a gift from Trog
 30485 | Orc:2    | Found Xyses's Weapon Boutique.
 30485 | Orc:2    | Found Guureu's Assorted Antiques.
 30487 | Orc:2    | Found Umuclof's Armour Emporium.
 30489 | Orc:2    | Found Homnotedwi's Gadget Shop.
 31279 | Orc:2    | Found a staircase to the Elven Halls.
 31561 | D:6      | Bought a scroll of acquirement for 572 gold pieces
 31561 | D:6      | Acquired a manual of Long Blades
 31776 | D:13     | Received a gift from Trog
 31919 | Orc:2    | Bought a tin of tremorstones (3/3) for 440 gold pieces
 32017 | D:13     | Noticed Josephine
 32022 | D:13     | Killed Josephine
 32099 | D:13     | Found Asheo's Assorted Antiques.
 32349 | D:13     | Found a portal to a secret trove of treasure.
 32479 | D:14     | Identified the cursed +1 mace "Geyg" {flame, rElec MP+9
                  | Dex+2} (You found it on level 9 of the Dungeon)
 32512 | D:14     | Noticed Roxanne
 32528 | D:14     | Found a flagged portal.
 32606 | Bailey   | Entered a bailey
 33146 | D:14     | Found a gate to the Vaults.
 33635 | D:14     | Received a gift from Trog
 33853 | D:14     | Noticed Louise
 33880 | D:14     | Killed Louise
 33880 | D:14     | Reached skill level 10 in Armour
 33909 | D:14     | Acquired the amulet "Afipiny" {Acrobat +Fly rN++ Str+8}
 34317 | D:14     | Killed Roxanne
 34317 | D:14     | Reached XP level 16. HP: 110/125 MP: 16/16
 34394 | D:15     | Entered Level 15 of the Dungeon
 34568 | D:15     | Found Veaboces's Jewellery Shop.
 34705 | D:15     | Found a transporter.
 34715 | D:15     | Noticed Deruyraw's ghost (journeyman GrEE)
 35011 | D:15     | Found a transporter.
 35853 | D:15     | Reached skill level 10 in Evocations
 35979 | D:15     | Found a staircase to the Depths.
 36273 | D:15     | Killed Deruyraw's ghost
 36274 | D:15     | Gained mutation: Potions are less effective at restoring
                  | your health. [a neqoxec]
 36275 | D:15     | Gained mutation: You tend to lose your temper in combat. [a
                  | neqoxec]
 36549 | Lair:1   | Lost mutation: Potions are less effective at restoring your
                  | health. [potion of mutation]
 36549 | Lair:1   | Gained mutation: You often lose your temper in combat.
                  | [potion of mutation]
 36549 | Lair:1   | Gained mutation: You expend magic power (3 MP) to
                  | strengthen your wands. [potion of mutation]
 36549 | Lair:1   | Gained mutation: You have a pair of small horns on your
                  | head. [potion of mutation]
 36550 | Lair:1   | Lost mutation: You have a pair of small horns on your head.
                  | [potion of mutation]
 36550 | Lair:1   | Lost mutation: You expend magic power (3 MP) to strengthen
                  | your wands. [potion of mutation]
 36550 | Lair:1   | Lost mutation: You often lose your temper in combat.
                  | [potion of mutation]
 36550 | Lair:1   | Lost mutation: You tend to lose your temper in combat.
                  | [potion of mutation]
 36550 | Lair:1   | Gained mutation: Scrolls take you a little longer to read.
                  | [potion of mutation]
 36550 | Lair:1   | Gained mutation: You are surrounded by a mild repulsion
                  | field. (EV +2) [potion of mutation]
 36550 | Lair:1   | Gained mutation: Your system is resistant to poisons.
                  | (rPois) [potion of mutation]
 36612 | Snake:1  | Entered Level 1 of the Snake Pit
 36717 | Snake:1  | Reached skill level 15 in Long Blades
 36835 | Snake:1  | Reached skill level 15 in Maces & Flails
 36920 | Snake:1  | Noticed Aizul
 36944 | Snake:1  | Killed Aizul
 37690 | Snake:1  | Found Tiawuum's Gadget Shop.
 37690 | Snake:1  | Found Vug Dou's Jewellery Emporium.
 37691 | Snake:1  | Found Naypludy's Gadget Shop.
 37710 | Snake:1  | Bought a wand of flame (16) for 90 gold pieces
 38236 | Snake:2  | Noticed a nagaraja
 38241 | Snake:2  | Killed a nagaraja
 38256 | Snake:2  | Received a gift from Trog
 38260 | Snake:2  | Got a masterwork flail {god gift}
 38261 | Snake:2  | Lost intelligence.
 38261 | Snake:2  | Identified the +6 flail of Forced Transition {vorpal, rF+
                  | Int-5 Dex+3 Stlth+} (Trog gifted it to you on level 2 of
                  | the Snake Pit)
 38341 | Snake:2  | Reached XP level 17. HP: 119/133 MP: 17/17
 39983 | Snake:3  | Noticed Bai Suzhen
 39998 | Snake:2  | Killed Bai Suzhen
 40100 | Snake:3  | Noticed Kirke
 40123 | Snake:3  | Killed Kirke
 40708 | Snake:3  | Found a shimmering altar of Xom.
 40745 | Snake:3  | Noticed Vashnia
 40752 | Snake:3  | Killed Vashnia
 41212 | Snake:4  | Entered Level 4 of the Snake Pit
 41327 | Snake:4  | Found Jithropeo's Armour Boutique.
 41436 | Snake:4  | Reached XP level 18. HP: 115/141 MP: 18/18
 41490 | Snake:4  | Found Yxafurr's Gadget Shoppe.
 41490 | Snake:4  | Found Riricyor's Gadget Emporium.
 41542 | Snake:4  | Found Bein's Antique Armour Shoppe.
 41543 | Snake:4  | Found Vexkufro's Jewellery Emporium.
 41556 | Snake:4  | Bought a wand of flame (20) for 143 gold pieces
 41580 | Snake:4  | Bought a wand of clouds (5) for 486 gold pieces
 41989 | Snake:4  | Received a gift from Trog
 44260 | Snake:4  | Received a gift from Trog
 44348 | Snake:4  | Acquired the ring of Emymiqokhlo {rF+ Str+5 Int+3 SInv}
 44763 | Snake:4  | Got a serpentine rune of Zot
 44938 | Shoals:1 | Entered Level 1 of the Shoals
 45999 | Shoals:2 | Reached XP level 19. HP: 123/149 MP: 19/19
 46833 | Shoals:3 | Identified the +9 whip of the Pits of Slime {flame,
                  | *Corrode +Fly MR+}
 46998 | Shoals:3 | Received a gift from Trog
 48065 | Shoals:4 | Entered Level 4 of the Shoals
 48266 | Shoals:4 | Reached ****** piety under Trog
 48285 | Shoals:4 | Identified the +0 leather armour of Nohe {+Fly rF- rN+}
 48302 | Shoals:4 | Received a gift from Trog
 49065 | Shoals:4 | Reached XP level 20. HP: 41/160 MP: 20/20
 49066 | Shoals:4 | Killed from afar by a frost giant

Illustrated notes

Levels and vault maps discovered:
D:1:      dpeg_arrival_tiny_a, layout_basic
D:2:      layout_rooms, grunt_temple_overflow_open
D:3:      layout_loops_cross, minmay_misc_feat_doors
D:4:      layout_basic
D:5:      layout_rooms
D:6:      layout_basic, lemuel_coloured_pillars_altar, minmay_temple_entry_mist,
          serial_shops, shop, shop, shop, uniq_menkaure
D:7:      layout_basic, nicolae_overflow_hidden_temple, serial_corexii_hall,
          corexii_hall_statues_x, corexii_hall_statues_s, gammafunk_ghost_smash,
          chequers_serial_rivers_micro_d, uniq_harold
D:8:      layout_layer_cave, old_standard_altar, minivault_4
D:9:      lemuel_ice_statue, layout_basic,
          grunt_temple_overflow_forces_of_nature,
          nicolae_dithmenos_shadow_blocks, basic_altar, serial_shops,
          kennysheep_little_box, nicolae_shop_stone, nicolae_shop_waterfront,
          skrybe_limestone_x, lemuel_flamethrower_1, uniq_maurice
D:10:     layout_stronghold, zombieorc2_lemuel, basic_altar,
          nemelex_altar_shiori
D:11:     layout_basic, erik_lair_orcish_takeover
D:12:     layout_gridville, serial_shops, shop, uniq_psyche
D:13:     layout_rooms, serial_shops, shop, ebering_ghost_rock_garden,
          nicolae_trove_entry_crossroad, uniq_josephine
D:14:     layout_irregular_city, erik_vaults_1, enter_bailey_6, uniq_roxanne,
          uniq_louise
D:15:     gammafunk_enter_depths_forms, layout_loops_ring, serial_shops,
          nicolae_shop_waterfront, chequers_serial_rivers_micro_e,
          gammafunk_ghost_stat_death
Lair:1:   layout_long_grid, lemuel_fruit_fields, serial_bayou_shore_b,
          infiniplex_staircase_pool, grunt_megastairs_3
Lair:2:   layout_chaotic_city, minmay_shoals_entry_beasts, st_stairs_9,
          nicolae_quartered_pool_little, minmay_shattered_shrine, uniq_sonja,
          uniq_urug
Lair:3:   layout_cave_pods, dummy_snake_entry
Lair:4:   layout_roguey, serial_bayou_lake_a, grunt_megastairs_1
Lair:5:   layout_small_grid, nicolae_volcano_entry_batcave
Lair:6:   grunt_lair_end_beastmaster, layout_regular_city, slime_altar_2,
          basic_altar, ebering_ghost_rock_garden, lemuel_fruit_tree
Shoals:1: layout_shoals
Shoals:2: layout_shoals
Shoals:3: layout_shoals, nicolae_shoals_flooded_hall
Shoals:4: shoals_end_grunt_ice, layout_shoals,
          nicolae_shoals_arrival_archipelago
Snake:1:  layout_basic, minmay_shop_grove, serial_bayou_shore_a, uniq_aizul
Snake:2:  layout_chambers, drop_trap
Snake:3:  skrybe_snakes_to_sticks, layout_onion_interference,
          grunt_ministairs_6, uniq_kirke, uniq_bai_suzhen, uniq_vashnia
Snake:4:  snake_pit, layout_gridlike, serial_shops, nicolae_shop_trees,
          serial_bayou_pond_e, grunt_ministairs_10, minmay_shoptagon
Orc:1:    layout_caves, serial_shops, shop
Orc:2:    st_orc_rangers, layout_caves

Skill      XL: |  1  2  3  4  5  6  7  8  9 10 11 12 13 14 15 16 17 18 19 |
---------------+----------------------------------------------------------+-----
Stealth        | 1 2 |  2.0
Long Blades    | 4 6 8 9 10 12 13 14 15 16 17 18 | 18.1
Armour         | 3 4 5 6 7 8 9 10 11 12 13 | 13.2
Maces & Flails | 1 5 7 8 9 10 12 13 14 15 16 17 18 | 18.1
Fighting       | 4 6 7 8 9 10 11 12 13 14 | 14.5
Evocations     | 2 3 5 6 7 8 9 10 11 12 | 12.0
Dodging        | 3 4 5 6 7 |  7.0

Action                   |  1- 3 |  4- 6 |  7- 9 | 10-12 | 13-15 | 16-18 | 19-21 || total
-------------------------+-------+-------+-------+-------+-------+-------+-------++-------
Melee: Falchion          |    77 |   184 |   101 |       |       |       |       ||   362
       Rapier            |       |       |   195 |   812 |   677 |       |       ||  1684
       Scimitar          |       |       |       |       |   382 |       |       ||   382
       Dagger            |       |       |       |       |    28 |       |       ||    28
       Great mace        |       |       |       |       |     1 |       |       ||     1
       Long sword        |       |       |       |       |   138 |       |       ||   138
       Dire flail        |       |       |       |       |    18 |  1249 |   351 ||  1618
       Great sword       |       |       |       |       |       |    19 |       ||    19
Throw: Stone             |       |    44 |    77 |   206 |   219 |    73 |    18 ||   637
Invok: Berserk           |     2 |     5 |     6 |    14 |     6 |     2 |       ||    35
       Trog's Hand       |       |       |       |     1 |     8 |    10 |     2 ||    21
       Brothers in Arms  |       |       |       |       |     1 |     9 |     1 ||    11
 Abil: Evoke Invisibilit |       |       |       |     5 |    19 |     2 |     4 ||    30
Evoke: Wand              |       |       |       |    15 |    19 |    33 |    59 ||   126
       Phial of floods   |       |       |       |     1 |     3 |     2 |     1 ||     7
       Tin of tremorston |       |       |       |       |     5 |    17 |    10 ||    32
       Lightning rod     |       |       |       |       |       |       |     9 ||     9
  Use: Scroll            |       |     1 |     7 |    12 |    16 |     5 |     1 ||    42
       Potion            |       |     1 |       |       |     5 |     4 |     1 ||    11
 Stab: Sleeping          |     1 |     2 |       |       |       |       |       ||     3
       Invisible         |       |       |       |    12 |    50 |     5 |    21 ||    88
       Petrified         |       |       |       |       |     5 |       |       ||     5
       Paralysed         |       |       |       |       |     3 |       |       ||     3
       Confused          |       |       |       |       |       |     3 |     1 ||     4
       Distracted        |       |       |       |       |       |     3 |       ||     3
Armor: Animal skin       |     8 |       |       |       |       |       |       ||     8
       Leather armour    |     5 |    20 |       |       |       |       |       ||    25
       Ring mail         |       |    28 |       |       |       |       |       ||    28
       Scale mail        |       |    13 |    58 |   268 |       |       |       ||   339
       Chain mail        |       |       |    37 |       |       |       |       ||    37
       Plate armour      |       |       |       |    25 |   348 |       |       ||   373
       Crystal plate arm |       |       |       |       |   391 |   617 |   342 ||  1350
Dodge: Dodged            |    36 |   107 |   111 |   451 |   468 |   589 |   421 ||  2183
Block: Other             |       |       |       |    96 |   248 |       |       ||   344
       Reflection        |       |       |       |     4 |    41 |       |       ||    45
       Rpst.: Falchion   |    13 |    37 |    14 |       |       |       |       ||    64
       Scimitar          |       |       |       |       |    51 |       |       ||    51
       Long sword        |       |       |       |       |     5 |       |       ||     5

Table legend: (Time is in decaauts)
 A = Elapsed time spent in this place.
 B = Non-inter-level travel time spent in this place.
 C = Inter-level travel time spent in this place.
 D = Time resting spent in this place.
 E = Time spent auto-exploring this place.
 F = Levels seen in this place.
 G = Mean time per level.
                   A        B        C        D        E       F      G
               +--------+--------+--------+--------+--------+-----+--------+
         Total |  48762 |  45571 |   3191 |   1221 |  34784 |  33 | 1477.6 |
       Dungeon |  22575 |  20644 |   1931 |    428 |  15749 |  15 | 1505.0 |
          Lair |  10675 |   9946 |    729 |    128 |   8261 |   6 | 1779.2 |
        Shoals |   4132 |   4066 |     66 |    129 |   2925 |   4 | 1033.0 |
     Snake Pit |   7868 |   7519 |    349 |    180 |   5691 |   4 | 1967.0 |
  Orcish Mines |   2396 |   2282 |    114 |    100 |   1696 |   2 | 1198.0 |
        Bailey |    292 |    292 |      0 |      0 |    136 |   1 |  292.0 |
       Volcano |    821 |    821 |      0 |    254 |    325 |   1 |  821.0 |
               +--------+--------+--------+--------+--------+-----+--------+

Top non-repeatable levels by time:
    D:11: 2809 daAuts
  Lair:6: 2763 daAuts
 Snake:3: 2592 daAuts
 Snake:4: 2166 daAuts
  Lair:2: 2098 daAuts
    D:10: 2091 daAuts
     D:7: 2035 daAuts
     D:6: 1936 daAuts
    D:15: 1931 daAuts
 Snake:2: 1907 daAuts
     D:8: 1687 daAuts
    D:14: 1582 daAuts
  Lair:3: 1546 daAuts
  Lair:5: 1518 daAuts
     D:4: 1487 daAuts
